 Dungeon Crawl Stone Soup version 0.29-a0-1043-g569b05d6ff (webtiles) character file.

Game seed: 12447227266554725284

151 siradein the Shooter (level 5, 0/42 HPs)
             Began as a Hill Orc Hunter on Aug 15, 2022.
             Slain by a gnoll
             ... wielding a +0 halberd
              (13 damage)
             ... on level 4 of the Dungeon.
             The game lasted 00:02:06 (2594 turns).

siradein the Shooter (Hill Orc Hunter)              Turns: 2594, Time: 00:02:06

Health: 0/42       AC:  3    Str: 14    XL:     5   Next: 33%
Magic:  5/5        EV: 11    Int:  9    God:
Gold:   160        SH:  0    Dex: 16    Spells: 4/4 levels left

rFire   . . .      SeeInvis .   a - +0 shortbow
rCold   . . .      Faith    .   (shield currently unavailable)
rNeg    . . .      Spirit   .   c - +0 leather armour
rPois   .          Reflect  .   (no helmet)
rElec   .          Harm     .   (no cloak)
rCorr   .          Rampage  .   (no gloves)
Will    .....                   (no boots)
Stlth   +.........              (no amulet)
HPRegen 0.14/turn               (no ring)
MPRegen 0.09/turn               (no ring)

@: no status effects
A: no striking features
a: no special abilities


You were on level 4 of the Dungeon.
You visited 1 branch of the dungeon, and saw 4 of its levels.

You collected 160 gold pieces.

Inventory:

Hand Weapons
 a - a +0 shortbow (weapon)
Missiles
 q - a throwing net
Armour
 c - a +0 leather armour (worn)
Jewellery
 s - a ring of flight
Scrolls
 b - 3 scrolls of immolation
 e - 2 scrolls of fear {unknown}
 f - a scroll of silence {unknown}
 h - 3 scrolls of vulnerability {unknown}
 l - 2 scrolls of teleportation {unknown}
 m - a scroll of noise {unknown}
 n - 3 scrolls of identify {unknown}
 t - a scroll of brand weapon {unknown}
Potions
 d - 3 potions of lignification {unknown}
 g - a potion of heal wounds {unknown}
 i - a potion of ambrosia {unknown}
 j - 2 potions of mutation {unknown}
 k - a potion of might {unknown}
 o - a potion of haste {unknown}
 p - a potion of flight {unknown}
 r - a potion of experience {unknown}
 u - a potion of curing {unknown}


   Skills:
 - Level 2.4 Fighting
 + Level 5.9 Ranged Weapons
 - Level 1.5 Dodging
 - Level 0.7 Stealth


You had 4 spell levels left.
You didn't know any spells.
Your spell library was empty.

Dungeon Overview and Level Annotations

Branches:
Dungeon (4/15)
 Temple: D:4-7

Altars:


Message History

The gnoll is severely wounded.
The gnoll misses you. x2
You shoot an arrow. The arrow closely misses the gnoll.
The arrow hits the gnoll!
The gnoll is heavily wounded.
The gnoll hits you from afar with a +0 halberd.
The gnoll misses you.
You are too injured to fight recklessly!
Unknown command.
You are too injured to fight recklessly!
You are too injured to fight recklessly!
Unknown command.
The gnoll attacks as you move away! The gnoll misses you.
Fire: a) +0 shortbow
Press: ? - help, Q - select action, (/) - cycle Shift-Dir - straight line, f/p - gnoll
Aim: a gnoll, wielding a +0 club (severely wounded, 66% to hit)
You shoot an arrow. The arrow barely misses the gnoll.
The arrow hits the gnoll.
The gnoll is severely wounded.
The gnoll completely misses you.
Fire: a) +0 shortbow
Press: ? - help, Q - select action, (/) - cycle Shift-Dir - straight line, f/p - gnoll
Aim: a gnoll, wielding a +0 club (severely wounded, 66% to hit)
You shoot an arrow. The arrow barely misses the gnoll.
The arrow closely misses the gnoll.
The gnoll hits you from afar with a +0 halberd.
The gnoll barely misses you. x2; The gnoll closely misses you.
Fire: a) +0 shortbow
Press: ? - help, Q - select action, (/) - cycle Shift-Dir - straight line, f/p - gnoll
Aim: a gnoll, wielding a +0 club (severely wounded, 66% to hit)
You shoot an arrow. The arrow barely misses the gnoll.
The arrow hits the gnoll.
The gnoll is almost dead.
The gnoll barely misses you. x2
Fire: a) +0 shortbow
Press: ? - help, Q - select action, (/) - cycle Shift-Dir - straight line, f/p - gnoll
Aim: a gnoll, wielding a +0 club (severely wounded, 66% to hit)
You shoot an arrow. The arrow barely misses the gnoll. x2
The gnoll hits you from afar with a +0 halberd!
You die...

#.. ... #.#.#
###..######.#.#
..........##.#.##
..........##.#..
..........##.#.#
..........##.#@#
..........##.#g#
..........##.#g##+###
###...........)......#
#.......####.#.#.....#
#.#.#........#[#.....#
#.#..#.#####.# ....#
#....#..# ... ...##
###.#...# ..# #.#


You could see 2 gnolls.

Vanquished Creatures
  An orc priest (D:3)
  5 gnolls
  2 adders (D:2)
  A dart slug (D:3)
  3 worms
  3 orcs (D:3)
  A ball python (D:3)
  2 bats
  4 endoplasms
  A giant cockroach (D:1)
  3 hobgoblins
  2 jackals (D:1)
  2 kobolds
  11 frilled lizards
  4 goblins (D:1)
  4 rats
49 creatures vanquished.

Vanquished Creatures (others)
  5 plants (D:2)
5 creatures vanquished.

Grand Total: 54 creatures vanquished

Notes
Turn   | Place    | Note
-------+----------+-------------------------------------------
     0 | D:1      | siradein the Hill Orc Hunter began the quest for the Orb.
     0 | D:1      | Reached XP level 1. HP: 18/18 MP: 1/1
   262 | D:1      | Reached skill level 4 in Ranged Weapons
   262 | D:1      | Reached XP level 2. HP: 25/25 MP: 2/2
   827 | D:1      | Found a faded altar of an unknown god.
   894 | D:2      | Reached XP level 3. HP: 27/30 MP: 3/3
  1277 | D:2      | You fall into a shaft and drop 1 floor!
  1298 | D:3      | Reached skill level 5 in Ranged Weapons
  1298 | D:3      | Reached XP level 4. HP: 37/37 MP: 4/4
  1471 | D:3      | Reached XP level 5. HP: 42/42 MP: 5/5
  2264 | D:2      | Identified the +4 sling "Cedo" {freeze, rPois rF- SInv}
  2594 | D:4      | Slain by a gnoll

Illustrated notes

Levels and vault maps discovered:
D:1:      saegor_arrival_simple_e, layout_loops_corners,
          hellmonk_ecumenical_altar_inner_sanctum
D:2:      layout_basic, minmay_lizard_king
D:3:      layout_loops_corners, kennysheep_boxes
D:4:      layout_basic, uniq_edmund

Skill      XL: |  1  2  3 |
---------------+----------+-----
Ranged Weapons | 4 5 |  5.9
Fighting       | |  2.4
Dodging        | |  1.5
Stealth        | |  0.7

Action                   |  1- 3 |  4- 6 || total
-------------------------+-------+-------++-------
 Fire: Shortbow          |    88 |    55 ||   143
Armor: Leather armour    |     9 |     1 ||    10
Dodge: Dodged            |    20 |    13 ||    33

Table legend: (Time is in decaauts)
 A = Elapsed time spent in this place.
 B = Non-inter-level travel time spent in this place.
 C = Inter-level travel time spent in this place.
 D = Time resting spent in this place.
 E = Time spent auto-exploring this place.
 F = Levels seen in this place.
 G = Mean time per level.
                   A        B        C        D        E       F      G
               +--------+--------+--------+--------+--------+-----+--------+
         Total |   2665 |   2560 |    105 |      0 |   2269 |   4 |  666.2 |
       Dungeon |   2665 |   2560 |    105 |      0 |   2269 |   4 |  666.2 |
               +--------+--------+--------+--------+--------+-----+--------+

Top non-repeatable levels by time:
     D:3: 1012 daAuts
     D:1: 892 daAuts
     D:2: 719 daAuts
     D:4: 41 daAuts
